AoeStats
← Chaves

MegaRandom

510316763Analyzed
4v4 RM · 3d ago on Sep 30, 2026· 43m 39s· 8 players
Game mode
Random Map
Map size
Large (8 player)
Population
200
Speed
Normal
Resources
Standard
Victory
Conquest
Starting age
Dark Age
Ending age
Imperial Age
RankedLock teamsTeams togetherTeam positionsShared explorationLock speedFull tech treeHidden civsTurbo modeCheats
Victory
Defeat
🇦🇷 Burmese · Argentina
1234
+15
🇳🇱 Spanish · Netherlands
1228
+16
🇹🇷 Magyars · Türkiye
1196
+17
🇧🇷 Wei · Brazil
1168
+17
🇮🇳 Poles · India
1235
-17
🇭🇰 Khitans · Hong Kong SAR China
1232
-17
1207
-16
🇨🇳 Danes · China
1192
-15
Crucio
11:49 Feudal Age
12:16 Double-Bit Axe
12:12 Horse Collar
12:26 Fishing Lines
16:04 Wheelbarrow
18:28 Scale Barding Armor
20:26 Castle Age
18:29 Gold Mining
20:32 Light Cavalry
21:15 Husbandry
21:38 Chain Barding Armor
21:33 Bow Saw
22:01 Bloodlines
22:55 Gillnets
25:53 Heavy Plow
27:56 Gold Shaft Mining
30:30 Hand Cart
35:53 Imperial Age
35:41 Stone Mining
37:13 Plate Barding Armor
36:35 Hussar
39:13 Medium Warships
41:39 Heavy Warships
prsdntsdghtr
6:01 Loom
11:47 Feudal Age
16:36 Castle Age
14:55 Double-Bit Axe
15:54 Horse Collar
23:29 Wheelbarrow
26:31 Heavy Plow
26:47 Bow Saw
29:08 Gold Mining
31:26 Hand Cart
35:48 Imperial Age
33:30 Husbandry
33:40 Bloodlines
34:06 Stone Mining
35:52 Masonry
36:56 Conscription
37:35 Architecture
38:19 Town Watch
39:21 Stone Shaft Mining
38:52 Cavalier
39:13 Pikeman
39:53 Squires
39:39 Arson
41:04 Forging
40:55 Scale Mail Armor
41:00 Scale Barding Armor
41:31 Ballistics
42:13 Chemistry
42:52 Halberdier
44:06 Murder Holes
NASPI
9:37 Loom
12:15 Feudal Age
16:36 Castle Age
15:12 Horse Collar
19:15 Fletching
22:02 Padded Archer Armor
22:56 Town Watch
23:14 Gold Mining
28:38 Imperial Age
27:46 Heavy Plow
31:58 Bodkin Arrow
35:52 Wheelbarrow
36:19 Conscription
41:42 Bloodlines
41:32 Husbandry
Chaves
9:11 Loom
13:14 Feudal Age
14:02 Double-Bit Axe
14:20 Gold Mining
14:23 Fishing Lines
15:24 Town Watch
17:45 Wheelbarrow
22:04 Castle Age
20:35 Padded Archer Armor
20:26 Fletching
21:54 Scale Mail Armor
23:18 Leather Archer Armor
23:29 Arson
24:46 Gold Shaft Mining
25:11 Bodkin Arrow
30:33 Thumb Ring
30:46 Hand Cart
44:05 Imperial Age
神山菊花
7:37 Loom
9:57 Feudal Age
10:49 Double-Bit Axe
13:36 Forging
16:29 Town Watch
21:43 Castle Age
21:03 Fletching
21:14 Scale Mail Armor
21:23 Arson
21:39 Domestication
23:45 Bow Saw
24:16 Gambesons
24:26 Pikeman
30:15 Wheelbarrow
35:27 Imperial Age
34:10 Hand Cart
35:11 Bodkin Arrow
34:57 Elite Skirmisher
36:05 Pastoralism
36:18 Thumb Ring
36:14 Gold Mining
38:06 Conscription
41:12 Iron Casting
40:45 Bracer
41:06 Chain Mail Armor
40:56 Bracer
41:56 Elite Fire Lancer
蒙古国海军司令
11:13 Feudal Age
12:05 Double-Bit Axe
12:20 Fishing Lines
20:35 Castle Age
22:16 Bow Saw
21:51 Horse Collar
22:34 Loom
22:55 Gillnets
24:12 Wheelbarrow
23:51 Scale Mail Armor
24:02 Forging
25:11 Heavy Plow
26:09 Chain Mail Armor
26:30 Iron Casting
27:37 Iron Casting
29:02 Hand Cart
32:14 Imperial Age
32:59 Gold Mining
32:59 Stone Mining
32:42 Elite Varangian Guard
33:08 Arson
33:23 Squires
33:09 Gambesons
34:03 Plate Mail Armor
34:33 Blast Furnace
34:19 Conscription
33:25 Hamask
33:26 Elite Jomsviking
34:42 Hoardings
37:21 Gold Shaft Mining
37:21 Stone Shaft Mining
37:40 Capped Ram
38:04 Northmen's Fury
38:56 Siege Engineers
39:03 Masonry
39:23 Siege Ram
矿矿矿矿矿矿矿工
11:15 Feudal Age
13:12 Loom
14:09 Horse Collar
16:42 Castle Age
14:43 Double-Bit Axe
15:20 Gold Mining
18:09 Heavy Plow
24:47 Wheelbarrow
31:14 Imperial Age
28:30 Town Watch
28:40 Fletching
28:50 Padded Archer Armor
32:24 Bodkin Arrow
33:14 Light Cavalry
33:54 Husbandry
36:37 Leather Archer Armor
37:14 Conscription
37:50 Thumb Ring
38:45 Scale Barding Armor
40:05 Bloodlines
41:02 Bracer
42:33 Forging
42:46 Chain Barding Armor
44:05 Chemistry
43:55 Hand Cart
zucs
9:40 Loom
11:47 Feudal Age
16:42 Castle Age
17:03 Town Watch
17:18 Double-Bit Axe
17:24 Horse Collar
18:18 Heavy Plow
21:44 Wheelbarrow
27:20 Bow Saw
29:33 Gold Mining
29:59 Scale Mail Armor
30:59 Forging
31:11 Squires
31:28 Chain Mail Armor
Connection lost

Rejoining the realm…

Still unreachable

The connection could not be restored.

Session expired

The server has moved on; the page needs a fresh start.